 Dungeon Crawl Stone Soup version 0.28-a0-535-g6f645e4c1d (webtiles) character file.

Game seed: 4038417677142531706

1311 heikuro the Chopper (level 8, 0/64 HPs)
             Began as a Formicid Fighter on Sept 27, 2021.
             Succumbed to a water moccasin's poison
             ... on level 5 of the Dungeon.
             The game lasted 00:07:42 (5266 turns).

heikuro the Chopper (Formicid Fighter)              Turns: 5266, Time: 00:07:42

Health: 0/64       AC: 13    Str: 22    XL:     8   Next: 89%
Magic:  8/8        EV:  6    Int:  9    God:
Gold:   178        SH:  4    Dex: 10    Spells: 7/7 levels left

rFire   . . .      SeeInvis +   a - +0 war axe
rCold   . . .      Faith    .   c - +0 buckler
rNeg    . . .      Spirit   .   m - +0 plate armour
rPois   .          Reflect  .   (helmet unavailable)
rElec   .          Harm     .   (no cloak)
rCorr   +          Rampage  .   (no gloves)
Will    .....                   j - +0 pair of boots
Stlth   ..........              (no amulet)
HPRegen 0.20/turn               u - ring of resist corrosion
MPRegen 0.11/turn               (no ring)

@: mighty, lethally poisoned (0 -> -19)
A: permanent stasis, dig shafts and tunnels, antennae 3, four strong arms
a: Dig, Shaft Self


You were on level 5 of the Dungeon.
You visited 1 branch of the dungeon, and saw 5 of its levels.

You collected 178 gold pieces.

Inventory:

Hand Weapons
 a - a +0 war axe (weapon)
Missiles
 e - 7 boomerangs
Armour
 c - a +0 buckler (worn)
 j - a +0 pair of boots (worn)
 m - a +0 plate armour (worn)
Jewellery
 u - a ring of resist corrosion (left hand)
Wands
 n - a wand of flame (22)
 t - a wand of mindburst (9)
Scrolls
 b - a scroll of holy word {unknown}
 i - 3 scrolls of fear {unknown}
 l - 2 scrolls of identify
 o - 5 scrolls of enchant weapon {unknown}
 q - a scroll of magic mapping {unknown}
 r - a scroll of noise {unknown}
Potions
 g - a potion of cancellation
 h - a potion of brilliance
 k - 2 potions of lignification
 p - a potion of invisibility


   Skills:
 + Level 6.0 Fighting
 * Level 6.8 Axes
 + Level 5.9 Armour
 - Level 3.6 Shields
 + Level 4.5 Evocations


You had 7 spell levels left.
You didn't know any spells.
Your spell library contained the following spells:

 Spells                   Type           Power      Damage    Failure   Level
 Tukima's Dance           Hex            0%         N/A       100%        3
 Passage of Golubria      Tloc           N/A        N/A       100%        4
 Summon Forest            Summ/Tloc      0%         N/A       100%        5
 Yara's Violent Unravell  Hex/Tmut       0%         3d3       100%        5
 Eringya's Noxious Bog    Tmut/Pois      0%         N/A       100%        6
 Summon Hydra             Summ           0%         N/A       100%        7


Dungeon Overview and Level Annotations

Branches:
Dungeon (5/15)
 Temple: D:4-7

Altars:
Gozag
Uskayaw

Shops:
D:4 [

Annotations:
D:3 3 runed translucent doors, bande's ghost, amateur GrFi
D:5 3 runed translucent doors


Innate Abilities, Weirdness & Mutations

You cannot be hasted, slowed, berserked, paralysed or teleported.
You can dig through walls and to a lower floor.
You have a pair of large antennae on your head. (SInv)
Your four strong arms can wield two-handed weapons with a shield.


Message History

The ufetubus completely misses you. The ufetubus barely misses you.
You slash the ufetubus!
You kill the ufetubus!
You block the water moccasin's attack.
You slash the water moccasin!
The water moccasin is moderately wounded.
The water moccasin barely misses you.
You miss the water moccasin.
The water moccasin is moderately wounded.
The water moccasin bites you. You block the water moccasin's attack.
The iguana hisses menacingly.
You barely miss the water moccasin.
The water moccasin is moderately wounded.
The water moccasin bites you.
The water moccasin bites you but does no damage.
You hit the water moccasin.
The water moccasin is moderately wounded.
The water moccasin bites you! The water moccasin bites you.
You are poisoned.
The water moccasin poisons you!
You hit the water moccasin.
The water moccasin is heavily wounded.
* * * LOW HITPOINT WARNING * * *
You feel very sick. The water moccasin closely misses you.
You hit the water moccasin.
The water moccasin is heavily wounded.
* * * LOW HITPOINT WARNING * * *
You feel very sick.
The water moccasin bites you but does no damage. x2
Unknown command.
You feel very mighty all of a sudden.
* * * LOW HITPOINT WARNING * * *
You feel sick. The water moccasin bites you.
* * * LOW HITPOINT WARNING * * *
You are more poisoned.
The water moccasin poisons you!
You barely miss the water moccasin.
The water moccasin is heavily wounded.
You die...

.......####.#.#.##...##.#.......
'.......................'.......
####...######...{.......#.......
# ##....# ######.######......
####.# ###...# #..... #.#
#.....# #...# #.# #l#...# #+##
#.# #S##### #.# #.# #@# #.###
#.# #.# ##.##. #.# #.#
#####...#. ##### #.# #.#
##.##...... ....####.# #.#
##.#.##...#. #........#
#.#####.###....... #.#.######
#........#.######. ..#.#
#########.## #. ....# ### #.


You could see a water moccasin and an iguana.

Vanquished Creatures
  An unseen horror (D:5)
  Sigmund (D:5)
  A water moccasin (D:5)
  A necrophage (D:5)
  2 water moccasin skeletons (D:4)
  2 hounds (D:5)
  A jelly (D:5)
  2 orc priests
  An iguana (D:4)
  Terence (D:1)
  3 orc wizards
  Natasha (thrice) (D:2)
  A howler monkey zombie (D:5)
  8 gnolls
  2 adders (D:5)
  A shadow imp (D:5)
  An ufetubus (D:5)
  2 worms
  3 dart slugs (D:1)
  12 orcs
  4 ball pythons
  7 endoplasms
  4 giant cockroaches
  8 goblins
  6 quokkas
  6 bats
  3 frilled lizards
  9 kobolds
  7 rats
103 creatures vanquished.

Notes
Turn   | Place    | Note
-------+----------+-------------------------------------------
     0 | D:1      | heikuro the Formicid Fighter began the quest for the Orb.
     0 | D:1      | Reached XP level 1. HP: 18/18 MP: 1/1
    79 | D:1      | Reached XP level 2. HP: 24/24 MP: 2/2
   432 | D:1      | Reached XP level 3. HP: 29/29 MP: 3/3
   508 | D:1      | Found a faded altar of an unknown god.
   601 | D:1      | Found a hide-covered altar of Uskayaw.
   870 | D:1      | Reached XP level 4. HP: 35/36 MP: 4/4
  1030 | D:2      | Noticed Terence
  1064 | D:1      | Killed Terence
  1065 | D:1      | Reached skill level 1 in Evocations
  1203 | D:2      | Reached XP level 5. HP: 42/42 MP: 5/5
  1228 | D:2      | Noticed Natasha
  1233 | D:2      | Killed Natasha
  1249 | D:2      | Noticed Natasha
  1256 | D:2      | Killed Natasha
  1260 | D:2      | Noticed Natasha
  1268 | D:2      | Killed Natasha
  1994 | D:2      | Reached XP level 6. HP: 48/48 MP: 6/6
  2019 | D:3      | Found a runed translucent gate.
  2019 | D:3      | Found a runed translucent gate.
  2019 | D:3      | Found a runed translucent gate.
  2023 | D:3      | Found an opulent altar of Gozag.
  2030 | D:3      | Noticed bande's ghost (amateur GrFi)
  3266 | D:4      | Found Zufu's Antique Armour Boutique.
  3360 | D:4      | Reached XP level 7. HP: 39/55 MP: 7/7
  3554 | D:4      | Reached skill level 5 in Axes
  3954 | D:5      | Entered Level 5 of the Dungeon
  3958 | D:5      | Noticed Sigmund
  3983 | D:5      | Killed Sigmund
  3984 | D:5      | Reached skill level 5 in Fighting
  3984 | D:5      | Reached skill level 5 in Armour
  4296 | D:5      | Reached XP level 8. HP: 58/62 MP: 8/8
  4440 | D:5      | Found a runed translucent gate.
  4440 | D:5      | Found a runed translucent gate.
  4440 | D:5      | Found a runed translucent gate.
  4676 | D:5      | Noticed an unseen horror
  4697 | D:5      | Killed an unseen horror
  5266 | D:5      | Succumbed to a water moccasin's poison

Illustrated notes

Levels and vault maps discovered:
D:1:      dpeg_arrival_rooms_with_view, layout_basic,
          dreamdust_ecumenical_altar_angels_and_demons, kennysheep_flooded_box
D:2:      layout_basic, grunt_ministairs_6, uniq_terence, uniq_natasha
D:3:      layout_rooms, ebering_ghost_gozag
D:4:      layout_gridville, serial_shops, kennysheep_mini_moat,
          minmay_misc_feat_pillars, ebering_dispersal_statue_hall,
          minmay_misc_feat_secret_circle, minmay_a_box_with_orc_wizards_in_it
D:5:      layout_loops_corners, gammafunk_ghost_icy, uniq_sigmund

Skill      XL: |  1  2  3  4  5  6  7  8 |
---------------+-------------------------+-----
Axes           | 3 4 5 6 |  6.8
Armour         | 4 5 |  5.9
Evocations     | 1 2 3 4 |  4.5
Fighting       | 4 5 6 |  6.0
Shields        | |  3.6

Action                   |  1- 3 |  4- 6 |  7- 9 || total
-------------------------+-------+-------+-------++-------
Melee: War axe           |    81 |   181 |   145 ||   407
  Use: Scroll            |       |     4 |     2 ||     6
       Potion            |       |       |     3 ||     3
Armor: Scale mail        |    27 |       |       ||    27
       Plate armour      |    18 |   126 |    99 ||   243
Dodge: Dodged            |    30 |    68 |    42 ||   140
Block: Buckler           |    21 |    51 |    36 ||   108

Table legend: (Time is in decaauts)
 A = Elapsed time spent in this place.
 B = Non-inter-level travel time spent in this place.
 C = Inter-level travel time spent in this place.
 D = Time resting spent in this place.
 E = Time spent auto-exploring this place.
 F = Levels seen in this place.
 G = Mean time per level.
                   A        B        C        D        E       F      G
               +--------+--------+--------+--------+--------+-----+--------+
         Total |   5391 |   5233 |    158 |   1634 |   2090 |   5 | 1078.2 |
       Dungeon |   5391 |   5233 |    158 |   1634 |   2090 |   5 | 1078.2 |
               +--------+--------+--------+--------+--------+-----+--------+

Top non-repeatable levels by time:
     D:4: 1649 daAuts
     D:2: 1053 daAuts
     D:5: 1045 daAuts
     D:1: 1032 daAuts
     D:3: 610 daAuts
